 Dungeon Crawl Stone Soup version 0.28.0-49-g6dfe1f597d (webtiles) character file.

Game seed: 16005282707849831458

140 Exodus22XD the Poker (level 5, 0/39 HPs)
             Began as a Demonspawn Gladiator on May 15, 2022.
             Slain by an orc
             ... wielding a +0 flail
              (6 damage)
             ... on level 4 of the Dungeon.
             The game lasted 00:01:40 (2909 turns).

Exodus22XD the Poker (Demonspawn Gladiator)         Turns: 2909, Time: 00:01:41

Health: 0/39       AC: 10    Str: 16    XL:     5   Next: 2%
Magic:  5/5        EV: 11    Int: 10    God:
Gold:   88         SH:  0    Dex: 20    Spells: 4/4 levels left

rFire   . . .      SeeInvis .   a - +0 trident
rCold   . . .      Faith    .   (no shield)
rNeg    . . .      Spirit   .   f - +0 scale mail
rPois   .          Reflect  .   c - +0 helmet
rElec   .          Harm     .   (no cloak)
rCorr   .          Rampage  .   e - +0 pair of gloves
Will    .....                   (no boots)
Stlth   ..........              (no amulet)
HPRegen 0.13/turn               b - +6 ring of dexterity
MPRegen 0.18/turn               (no ring)

@: no status effects
A: slimy green scales 1, magic regeneration
a: no special abilities


You were on level 4 of the Dungeon.
You visited 1 branch of the dungeon, and saw 4 of its levels.

You collected 88 gold pieces.

Inventory:

Hand Weapons
 a - a +0 trident (weapon)
Missiles
 d - 3 throwing nets (quivered)
Armour
 c - a +0 helmet (worn)
 e - a +0 pair of gloves (worn)
 f - a +0 scale mail (worn)
Jewellery
 b - a +6 ring of dexterity (left hand)
Scrolls
 g - a scroll of vulnerability {unknown}
 h - 3 scrolls of fear {unknown}
 k - 2 scrolls of identify {unknown}
 l - 2 scrolls of blinking {unknown}
 m - a scroll of amnesia {unknown}
Potions
 i - a potion of degeneration {unknown}
 j - a potion of magic {unknown}
 n - a potion of mutation {unknown}
 o - a potion of cancellation {unknown}


   Skills:
 + Level 2.5 Fighting
 + Level 4.3 Polearms
 + Level 2.0 Throwing
 + Level 1.1 Armour
 + Level 3.2 Dodging


You had 4 spell levels left.
You didn't know any spells.
Your spell library contained the following spells:

 Spells                   Type           Power      Damage    Failure   Level
 Animate Skeleton         Necr           0%         N/A       80%         1
 Pain                     Necr           0%         1d4       80%         1
 Ensorcelled Hibernation  Hex/Ice        0%         N/A       91%         2
 Passwall                 Tmut/Erth      0%         N/A       91%         2
 Swiftness                Air            0%         N/A       99%         3
 Vampiric Draining        Necr           0%         2d6       99%         3


Dungeon Overview and Level Annotations

Branches:
Dungeon (4/15)
 Temple: D:4-7

Altars:

Shops:
D:3 ([


Innate Abilities, Weirdness & Mutations

You are partially covered in slimy green scales. (AC +2)
You regenerate magic rapidly.


Message History

You hit the orc priest.
The orc priest is lightly wounded.
The orc priest mumbles some strange prayers to Beogh against you.
Pain shoots through your body!
You puncture the orc priest!
The orc priest is severely wounded.
You puncture the orc!
You kill the orc!
The orc priest mumbles some strange prayers to Beogh against you.
Beogh smites you!
You have reached level 5!
The orc priest looks satisfied for a moment.
The orc hits you but does no damage.
You climb upwards.
There is a stone staircase leading down here.
You hit the orc.
The orc is lightly wounded.
The orc barely misses you.
You puncture the orc!
You kill the orc!
Things that are here:
a +0 club; an orc corpse HP restored.
Done exploring.
There is a stone staircase leading down here.
You climb downwards.
The orc priest invokes the aid of Beogh against you.
Beogh smites you!
There is a stone staircase leading up here.
The orc priest hits you but does no damage.
The orc hits you with a +0 flail!
Things that are here:
2 boomerangs; a +0 whip; an orc corpse You hit the orc priest.
The orc priest is lightly wounded.
The orc priest calls down the wrath of Beogh upon you.
Beogh smites you!
* * * LOW HITPOINT WARNING * * *
The orc hits you with a +0 flail.
You die...

###
#<#
#@#
#oo#
#..#
...#
#..##
...
#..#
...


You could see an orc priest and an orc.

Vanquished Creatures
  Jessica (D:2)
  An orc wizard (D:3)
  2 adders
  2 worms (D:3)
  2 dart slugs
  6 orcs
  6 endoplasms
  3 giant cockroaches
  4 goblins
  7 hobgoblins
  2 quokkas
  3 ball pythons
  4 bats
  2 frilled lizards (D:1)
  7 kobolds
  2 rats
54 creatures vanquished.

Vanquished Creatures (others)
  2 plants (D:3)
2 creatures vanquished.

Grand Total: 56 creatures vanquished

Notes
Turn   | Place    | Note
-------+----------+-------------------------------------------
     0 | D:1      | Exodus22XD the Demonspawn Gladiator began the quest for the
                  | Orb.
     0 | D:1      | Reached XP level 1. HP: 16/16 MP: 1/1
   232 | D:1      | Reached skill level 3 in Polearms
   274 | D:1      | Gained mutation: You are partially covered in slimy green
                  | scales. (AC +2) [demonic ancestry]
   274 | D:1      | Reached XP level 2. HP: 15/22 MP: 2/2
   705 | D:1      | Found a faded altar of an unknown god.
  1065 | D:2      | Gained mutation: You regenerate magic rapidly. [demonic
                  | ancestry]
  1065 | D:2      | Reached XP level 3. HP: 20/27 MP: 3/3
  1209 | D:2      | Noticed Jessica
  1217 | D:2      | Killed Jessica
  1254 | D:2      | Reached XP level 4. HP: 33/33 MP: 4/4
  1754 | D:3      | Reached skill level 1 in Armour
  1765 | D:3      | Reached skill level 4 in Polearms
  1999 | D:3      | Found Opewiohe's Antique Armour Boutique.
  2128 | D:3      | Found Ceunk's Weapon Shop.
  2715 | D:4      | Reached XP level 5. HP: 14/39 MP: 5/5
  2909 | D:4      | Slain by an orc

Illustrated notes

Levels and vault maps discovered:
D:1:      wander_arrival_peaceful_grave, layout_basic,
          ebering_ecumenical_altar_sacrificial, hangedman_abyss_or_decor_stabs
D:2:      layout_basic, chequers_mini_garden, hangedman_decor_points,
          uniq_jessica
D:3:      layout_loops_corners, serial_shops, nicolae_shop_overgrown_old_shop,
          nicolae_shop_waterfront
D:4:      layout_rooms, minmay_crossroads, uniq_crazy_yiuf_cottage

Skill      XL: |  1  2  3  4 |
---------------+-------------+-----
Polearms       | 3 4 |  4.3
Dodging        | 3 |  3.2
Throwing       | 2 |  2.0
Armour         | 1 |  1.1
Fighting       | |  2.5

Action                   |  1- 3 |  4- 6 || total
-------------------------+-------+-------++-------
Melee: Trident           |    80 |    89 ||   169
       Punch             |     1 |     1 ||     2
Armor: Leather armour    |     6 |       ||     6
       Scale mail        |    10 |    34 ||    44
Dodge: Dodged            |    36 |    32 ||    68
